 Dungeon Crawl Stone Soup version 0.27-a0-1557-g57f10a385c (webtiles) character file.

Game seed: 4278587562858942835

20 nyamberluvr69 the Cudgeller (level 2, 0/25 HPs)
             Began as a Palentonga Berserker on July 15, 2021.
             Was a Follower of Trog.
             Slain by a jackal (1 damage)
             ... on level 1 of the Dungeon.
             The game lasted 00:00:58 (473 turns).

nyamberluvr69 the Cudgeller (Palentonga Berserker)   Turns: 473, Time: 00:00:59

Health: 0/25       AC:  4    Str: 20    XL:     2   Next: 58%
Magic:  2/2        EV:  9    Int:  7    God:    Trog [*.....]
Gold:   0          SH:  0    Dex:  9    Spells: 1/1 levels left

rFire    . . .     SeeInvis +   a - +0 mace
rCold    . . .     Faith    .   (no shield)
rNeg     . . .     Spirit   .   b - +0 animal skin
rPois    .         Reflect  .   (no helmet)
rElec    .         Harm     .   (no cloak)
rCorr    .         Rampage  .   (no gloves)
Will     .....                  (no barding)
Stlth    +.........             (no amulet)
HPRegen  0.08/turn              (no ring)
MPRegen  0.08/turn              (no ring)

@: on berserk cooldown, slowed, very slow
A: large, rugged brown scales 3, see invisible, deformed body, roll 1, armoured
tail
a: Rolling Charge, Renounce Religion, Berserk


You were on level 1 of the Dungeon.
You worshipped Trog.
Trog was aware of your devotion.
You visited 1 branch of the dungeon, and saw 1 of its levels.

Inventory:

Hand Weapons
 a - a +0 mace (weapon)
Armour
 b - a +0 animal skin (worn)
Scrolls
 c - a scroll of enchant weapon {unknown}
 d - a scroll of amnesia {unknown}
 e - a scroll of identify {unknown}


   Skills:
 + Level 3.5 Fighting
 + Level 3.5 Maces & Flails
 - Level 1.5 Armour
 - Level 1.5 Dodging


You had one spell level left.
You didn't know any spells.
Your spell library was empty.

Dungeon Overview and Level Annotations

Branches:
Dungeon (1/15)

Altars:


Innate Abilities, Weirdness & Mutations

You are completely covered in rugged brown scales. (AC +3, +7% HP)
You have supernaturally acute eyesight. (SInv)
Armour fits poorly on your strangely shaped body.
You can roll at nearby foes to attack.
You have a long armoured tail.


Message History

You sock the hobgoblin!
You kill the hobgoblin!
Trog accepts your kill.
A quokka comes into view.
The jackal barely misses you.
You hit the jackal.
The jackal is almost dead.
The jackal bites you but does no damage.
The jackal bites you.
* * * LOW HITPOINT WARNING * * *
An endoplasm comes into view.
The jackal bites you.
* * * LOW HITPOINT WARNING * * *
The endoplasm quivers.
You hit the jackal but do no damage.
The jackal is almost dead.
The jackal bites you.
* * * LOW HITPOINT WARNING * * *
A ball python comes into view.
The jackal bites you but does no damage.
You barely miss the jackal.
The jackal is almost dead.
The jackal closely misses you. The jackal bites you.
* * * LOW HITPOINT WARNING * * *
The jackal closely misses you.
Unknown command.
The jackal barely misses you. The jackal completely misses you.
The jackal barely misses you.
The jackal bites you but does no damage.
The jackal completely misses you.
The jackal bites you but does no damage.
The jackal barely misses you. The jackal barely misses you.
The jackal bites you.
* * * LOW HITPOINT WARNING * * *
The jackal closely misses you.
The jackal bites you but does no damage.
The jackal barely misses you. The jackal bites you.
You die...

...............##
................#
................# ...
.........))...... ...
######....)...... ...
#...#....... ...
#########...#....... ...
########:.................. ...
#...hSr.rh@......รท###......
.hr####.###h###h###.###.###......
..S).h..#.#.#.#.#.#.#.#..........
..h###..#.###.#.#.###.#..########
... ##.#..>..#.#..>..#..# # ...
#.###.###.###.###..# # ### #..
#.# ... #.#....#
#.###.#######.###..#
#.#......>......#..# #


You could see 4 jackals, a ball python and 2 rats.

Vanquished Creatures
  3 endoplasms (D:1)
  A goblin (D:1)
  3 hobgoblins (D:1)
  3 jackals (D:1)
  3 kobolds (D:1)
  A ball python (D:1)
  2 bats (D:1)
16 creatures vanquished.

Notes
Turn   | Place    | Note
-------+----------+-------------------------------------------
     0 | D:1      | nyamberluvr69 the Palentonga Berserker began the quest for
                  | the Orb.
     0 | D:1      | Reached XP level 1. HP: 19/19 MP: 1/1
   198 | D:1      | Reached XP level 2. HP: 23/25 MP: 2/2
   461 | D:1      | HP: 1/25 [jackal (1)]
   472 | D:1      | HP: 1/25 [jackal (1)]
   473 | D:1      | Slain by a jackal

Illustrated notes

Levels and vault maps discovered:
D:1:      evilmike_arrival_hilbert_curve, layout_basic,
          shapermc_ecumenical_altar_venn, serial_shops, shop, minmay_door_square

Action                   || total
-------------------------++-------
Melee: Mace              ||    39
       Tailslap          ||     5
Invok: Berserk           ||     1
 Abil: Rolling Charge    ||     2
Armor: Animal skin       ||    35
Dodge: Dodged            ||    20

Table legend: (Time is in decaauts)
 A = Elapsed time spent in this place.
 B = Non-inter-level travel time spent in this place.
 C = Inter-level travel time spent in this place.
 D = Time resting spent in this place.
 E = Time spent auto-exploring this place.
 F = Levels seen in this place.
 G = Mean time per level.
                   A        B        C        D        E       F      G
               +--------+--------+--------+--------+--------+-----+--------+
         Total |    487 |    487 |      0 |      0 |    402 |   1 |  487.0 |
       Dungeon |    487 |    487 |      0 |      0 |    402 |   1 |  487.0 |
               +--------+--------+--------+--------+--------+-----+--------+

Top non-repeatable levels by time:
     D:1: 487 daAuts
